| TOP OF THE 1ST |
|
Huron Cubs batting - Pitching for Sioux Falls Packers : LHP Jose Perez
|
|
Pitching: LHP Jose Perez
|
|
|
Batting: LHB Gary Varsho
|
0-0: Ball 1-0: Swinging Strike 1-1: Swinging Strike 1-2: Ball 2-2: Ball 3-2: Foul Ball, location: 2F 3-2: Foul Ball, location: 2F 3-2: SINGLE (Line Drive, 34D, EV 102.5 MPH)
|
|
Batting: RHB Ivan Calderon
|
0-0: Called Strike 0-1: Ball 1-1: Ball 2-1: Foul Ball, location: 2F 2-2: Strikes out swinging Gary Varsho steals 2nd, throwing error, E2 Gary Varsho to third
|
|
Batting: RHB Mark Carreon
|
0-0: Ball 1-0: Ball 2-0: Called Strike 2-1: Fly out, F8 (Flyball, 8RS, EV 92.5 MPH)
|
|
Batting: RHB John Alvarez
|
0-0: Ball 1-0: Ball 2-0: Ball 3-0: Called Strike 3-1: SINGLE (Groundball, 56S, EV 63.1 MPH) (infield hit) Gary Varsho scores
|
|
Batting: RHB Greg Zunino
|
0-0: Called Strike 0-1: Foul Ball, location: 2F 0-2: SINGLE (Groundball, 6MD, EV 103.8 MPH) John Alvarez to second Runner from 2nd tries for 3rd, SAFE, no throw by CF
|
|
Batting: RHB Mike Stellern
|
0-0: Called Strike 0-1: Ball 1-1: Ball 2-1: Fly out, F9 (Flyball, 89S, EV 88.1 MPH)
|
| Top of the 1st over - 1 run, 3 hits, 1 error, 2 left on base; Huron 1 - Sioux Falls 0 |
| BOTTOM OF THE 1ST |
|
Sioux Falls Packers batting - Pitching for Huron Cubs : RHP Rich N Thompson
|
|
Pitching: RHP Rich N Thompson
|
|
|
Batting: LHB Reggie West
|
0-0: SINGLE (Groundball, 34D, EV 100.6 MPH)
|
|
Batting: SHB Craig Smajstrla
|
0-0: Called Strike 0-1: Ball 1-1: Ball 2-1: Ball 3-1: Fielders Choice at 2nd, 1-6 (Groundball, 34S, EV 73.1 MPH)
|
|
Batting: RHB Gregory Norman
|
0-0: Ball Craig Smajstrla is caught stealing 2nd base 2-4 1-0: Ball 2-0: Reached on error, E6 (Groundball, 6, EV 85.0 MPH)
|
|
Batting: RHB Bill Lindsey
|
0-0: Called Strike Gregory Norman is caught stealing 2nd base 2-4
|
| Bottom of the 1st over - 0 runs, 1 hit, 1 error, 0 left on base; Huron 1 - Sioux Falls 0 |
| TOP OF THE 2ND |
|
Huron Cubs batting - Pitching for Sioux Falls Packers : LHP Jose Perez
|
|
Batting: RHB Ray Ortega
|
0-0: Called Strike 0-1: Called Strike 0-2: Ball 1-2: Ball 2-2: Strikes out swinging
|
|
Batting: RHB Phillip Wilson
|
0-0: Ground out 6-3 (Groundball, 6S, EV 69.4 MPH)
|
|
Batting: SHB Keith Smith
|
0-0: Ball 1-0: Called Strike 1-1: Foul Ball, location: 2F 1-2: Ball 2-2: Foul Ball, location: 2F 2-2: Fly out, F8 (Flyball, 8LD, EV 105.0 MPH)
|
| Top of the 2nd over - 0 runs, 0 hits, 0 errors, 0 left on base; Huron 1 - Sioux Falls 0 |
| BOTTOM OF THE 2ND |
|
Sioux Falls Packers batting - Pitching for Huron Cubs : RHP Rich N Thompson
|
|
Batting: RHB Bill Lindsey
|
0-0: Ball 1-0: Called Strike 1-1: Ball 2-1: Fly out, F8 (Line Drive, 8RD, EV 90.6 MPH)
|
|
Batting: LHB Randy Salava
|
0-0: SINGLE (Line Drive, 4MD, EV 103.1 MPH)
|
|
Batting: RHB Danny Huffstickler
|
0-0: Ball 1-0: Foul Ball, location: 2F 1-1: Ball 2-1: Ball 3-1: Called Strike 3-2: Base on Balls Randy Salava to second
|
|
Batting: LHB Michael Robbins
|
0-0: Ball 1-0: Ball 2-0: Foul Ball, location: 2F 2-1: SINGLE (Line Drive, 9S, EV 91.9 MPH) Randy Salava to third Danny Huffstickler to second
|
|
Batting: RHB Javier Flores
|
0-0: Swinging Strike 0-1: Ball 1-1: Fly out, F7 (Flyball, 7LS, EV 74.4 MPH) Runner from 3rd tags up, OUT at HOME! 7-2
|
| Bottom of the 2nd over - 0 runs, 2 hits, 0 errors, 2 left on base; Huron 1 - Sioux Falls 0 |
| TOP OF THE 3RD |
|
Huron Cubs batting - Pitching for Sioux Falls Packers : LHP Jose Perez
|
|
Batting: LHB Gary Varsho
|
0-0: Called Strike 0-1: Reached on error, E1 (Groundball, 15, EV 43.8 MPH)
|
|
Batting: RHB Ivan Calderon
|
0-0: Reached on error, E6 (Groundball, P, EV 82.5 MPH) Gary Varsho to third
|
|
Batting: RHB Mark Carreon
|
0-0: Ground out 3-1 (Groundball, 34, EV 87.5 MPH) Gary Varsho scores Ivan Calderon to third
|
|
Batting: RHB John Alvarez
|
0-0: SINGLE (Line Drive, 78S, EV 86.9 MPH) Ivan Calderon scores
|
|
Batting: RHB Greg Zunino
|
0-0: Called Strike 0-1: Called Strike 0-2: Ball 1-2: Foul Ball, location: 2F 1-2: Foul Ball, location: 2F 1-2: Ball 2-2: Strikes out swinging
|
|
Batting: RHB Mike Stellern
|
0-0: Ball 1-0: Foul Ball, location: 2F 1-1: Ball 2-1: Ground out 6-3 (Groundball, 6S, EV 86.3 MPH)
|
| Top of the 3rd over - 2 runs, 1 hit, 2 errors, 1 left on base; Huron 3 - Sioux Falls 0 |
| BOTTOM OF THE 3RD |
|
Sioux Falls Packers batting - Pitching for Huron Cubs : RHP Rich N Thompson
|
|
Batting: RHB Francisco Perez
|
0-0: Called Strike 0-1: Called Strike 0-2: SINGLE (Line Drive, 6MD, EV 93.8 MPH)
|
|
Batting: LHB Reggie West
|
0-0: Ball 1-0: Ball 2-0: TRIPLE (Line Drive, 9LD, EV 110.6 MPH) Francisco Perez scores
|
|
Batting: SHB Craig Smajstrla
|
0-0: Called Strike 0-1: Ground out 6-3 (Groundball, 6, EV 78.1 MPH) Reggie West scores
|
|
Batting: RHB Gregory Norman
|
0-0: Ball 1-0: Called Strike 1-1: Called Strike 1-2: Fly out, F8 (Line Drive, 8RM, EV 93.8 MPH)
|
|
Batting: RHB Bill Lindsey
|
0-0: Ball 1-0: Ball 2-0: Ground out U3 (Groundball, 34, EV 78.1 MPH)
|
| Bottom of the 3rd over - 2 runs, 2 hits, 0 errors, 0 left on base; Huron 3 - Sioux Falls 2 |
| TOP OF THE 4TH |
|
Huron Cubs batting - Pitching for Sioux Falls Packers : LHP Jose Perez
|
|
Batting: RHB Ray Ortega
|
0-0: SINGLE (Groundball, 56D, EV 105.6 MPH)
|
|
Batting: RHB Phillip Wilson
|
0-0: Foul Ball, location: 2F 0-1: Ball 1-1: Ball 2-1: Foul Ball, location: 2F 2-2: Fly out, F9 (Flyball, 89XD, EV 99.4 MPH)
|
|
Batting: SHB Keith Smith
|
0-0: DOUBLE (Line Drive, 9LM, EV 105.0 MPH) Ray Ortega to third Runner from 3rd tries for Home, SAFE, throw by RF to home
|
|
Batting: LHB Gary Varsho
|
0-0: Ball 1-0: Called Strike 1-1: Ball 2-1: Fly out, F9 (Flyball, 9LS, EV 96.3 MPH)
|
|
Batting: RHB Ivan Calderon
|
0-0: Ball 1-0: Swinging Strike 1-1: Swinging Strike 1-2: Foul Ball, location: 2F 1-2: Ball 2-2: Ground out 5-3 (Groundball, 5, EV 82.5 MPH)
|
| Top of the 4th over - 1 run, 2 hits, 0 errors, 1 left on base; Huron 4 - Sioux Falls 2 |
| BOTTOM OF THE 4TH |
|
Sioux Falls Packers batting - Pitching for Huron Cubs : RHP Rich N Thompson
|
|
Batting: LHB Randy Salava
|
0-0: Foul Ball, location: 2F 0-1: Ball 1-1: Ball 2-1: Ball 3-1: Base on Balls
|
|
Batting: RHB Danny Huffstickler
|
0-0: Called Strike Randy Salava is caught stealing 2nd base 2-4 0-1: Foul Ball, location: 2F 0-2: Ball 1-2: SINGLE (Groundball, 34D, EV 100.0 MPH)
|
|
Batting: LHB Michael Robbins
|
0-0: Called Strike 0-1: DOUBLE (Line Drive, 5D, EV 101.3 MPH) Danny Huffstickler to third Runner from 3rd tries for Home, SAFE, throw by LF to home
|
|
Batting: RHB Javier Flores
|
0-0: Ball 1-0: Ball 2-0: Ball 3-0: Base on Balls
|
|
Batting: RHB Francisco Perez
|
0-0: Ball Michael Robbins steals 3rd base 1-0: Ball 2-0: TRIPLE (Line Drive, 9D, EV 103.8 MPH) Michael Robbins scores Javier Flores scores
|
|
Batting: LHB Reggie West
|
0-0: Foul Ball, location: 2F 0-1: Foul Ball, location: 2F 0-2: Ball 1-2: SINGLE (Groundball, 4D, EV 98.8 MPH) Francisco Perez scores
|
|
Pitching: RHP Jose Lopez
|
|
|
Batting: SHB Craig Smajstrla
|
0-0: Ball 1-0: Ball 2-0: Ball 3-0: Base on Balls Reggie West to second
|
|
Batting: RHB Gregory Norman
|
0-0: Ball 1-0: Foul Ball, location: 2F 1-1: Ball 2-1: Ball 3-1: Base on Balls Reggie West to third Craig Smajstrla to second
|
|
Batting: RHB Bill Lindsey
|
0-0: Ball 1-0: Ball 2-0: Fly out, F7 (Flyball, 7LM, EV 107.5 MPH) Runner from 3rd tags up, SCORES, throw by LF
|
|
Batting: LHB Randy Salava
|
0-0: Called Strike 0-1: Ball 1-1: SINGLE (Groundball, 4MD, EV 98.8 MPH) Craig Smajstrla to third Gregory Norman to second Runner from 3rd tries for Home, SAFE, throw by CF to home
|
|
Batting: RHB Danny Huffstickler
|
0-0: Foul Ball, location: 2F 0-1: Foul Ball, location: 2F 0-2: Ball 1-2: Foul Ball, location: 2F 1-2: Ball 2-2: Ball 3-2: Foul Ball, location: 2F 3-2: DOUBLE (Groundball, 5L, EV 103.8 MPH) Gregory Norman scores Randy Salava to third Randy Salava scores
|
|
Batting: LHB Michael Robbins
|
0-0: Ball 1-0: Foul Ball, location: 2F 1-1: Ball 2-1: Ball 3-1: Ground out 4-3 (Groundball, 4, EV 83.8 MPH)
|
| Bottom of the 4th over - 8 runs, 6 hits, 0 errors, 1 left on base; Huron 4 - Sioux Falls 10 |
| TOP OF THE 5TH |
|
Huron Cubs batting - Pitching for Sioux Falls Packers : LHP Jose Perez
|
|
Batting: RHB Mark Carreon
|
0-0: Called Strike 0-1: Ball 1-1: Fly out, F8 (Flyball, 89D, EV 91.9 MPH)
|
|
Batting: RHB John Alvarez
|
0-0: Ball 1-0: SINGLE (Groundball, 6MD, EV 97.5 MPH)
|
|
Batting: RHB Greg Zunino
|
0-0: Ball Wild Pitch! John Alvarez to second 1-0: Fly out, F9 (Flyball, 9LM, EV 80.6 MPH)
|
|
Batting: RHB Mike Stellern
|
0-0: Ball 1-0: Ball 2-0: Ball 3-0: Base on Balls
|
|
Batting: RHB Ray Ortega
|
0-0: Foul Ball, location: 2F 0-1: Swinging Strike 0-2: Ball 1-2: Strikes out swinging
|
| Top of the 5th over - 0 runs, 1 hit, 0 errors, 2 left on base; Huron 4 - Sioux Falls 10 |
| BOTTOM OF THE 5TH |
|
Sioux Falls Packers batting - Pitching for Huron Cubs : RHP Jose Lopez
|
|
Batting: RHB Javier Flores
|
0-0: Ball 1-0: Ball 2-0: Swinging Strike 2-1: Ball 3-1: Foul Ball, location: 2F 3-2: Ground out 4-3 (Groundball, 4, EV 85.0 MPH)
|
|
Batting: RHB Francisco Perez
|
0-0: Ball 1-0: Ground out 5-3 (Groundball, 56S, EV 90.6 MPH)
|
|
Batting: LHB Reggie West
|
0-0: Ball 1-0: Fly out, F7 (Flyball, 7D, EV 107.5 MPH)
|
| Bottom of the 5th over - 0 runs, 0 hits, 0 errors, 0 left on base; Huron 4 - Sioux Falls 10 |
| TOP OF THE 6TH |
|
Huron Cubs batting - Pitching for Sioux Falls Packers : LHP Jose Perez
|
|
Batting: RHB Phillip Wilson
|
0-0: Ground out 4-3 (Groundball, P, EV 83.8 MPH)
|
|
Batting: SHB Keith Smith
|
0-0: Ground out 5-3 (Groundball, 56S, EV 72.5 MPH)
|
|
Batting: LHB Gary Varsho
|
0-0: DOUBLE (Line Drive, 7D, EV 106.3 MPH)
|
|
Batting: RHB Ivan Calderon
|
0-0: Foul Ball, location: 2F 0-1: Ball 1-1: Ball 2-1: Foul Ball, location: 2F 2-2: Ball 3-2: Ground out 6-3 (Groundball, 6, EV 86.3 MPH)
|
| Top of the 6th over - 0 runs, 1 hit, 0 errors, 1 left on base; Huron 4 - Sioux Falls 10 |
| BOTTOM OF THE 6TH |
|
Sioux Falls Packers batting - Pitching for Huron Cubs : RHP Jose Lopez
|
|
Batting: SHB Craig Smajstrla
|
0-0: Ball 1-0: Ball 2-0: Ground out U3 (Groundball, 3, EV 83.1 MPH)
|
|
Batting: RHB Gregory Norman
|
0-0: Foul Ball, location: 2F 0-1: Ball 1-1: Ground out 5-3 (Groundball, 56, EV 85.6 MPH)
|
|
Batting: RHB Bill Lindsey
|
0-0: Ground out U3 (Groundball, 3, EV 91.9 MPH)
|
| Bottom of the 6th over - 0 runs, 0 hits, 0 errors, 0 left on base; Huron 4 - Sioux Falls 10 |
| TOP OF THE 7TH |
|
Huron Cubs batting - Pitching for Sioux Falls Packers : LHP Jose Perez
|
|
Batting: RHB Mark Carreon
|
0-0: Ball 1-0: Ball 2-0: Ball 3-0: Base on Balls
|
|
Batting: RHB John Alvarez
|
0-0: Ball 1-0: Ball 2-0: Ball 3-0: Called Strike 3-1: Foul Ball, location: 2F 3-2: Ground out 5-3 (Groundball, 5, EV 81.3 MPH) Mark Carreon to second
|
|
Batting: RHB Greg Zunino
|
0-0: Swinging Strike 0-1: Foul Ball, location: 2F 0-2: Strikes out looking
|
|
Batting: RHB Mike Stellern
|
0-0: Ball 1-0: Foul Ball, location: 2F 1-1: Ball 2-1: DOUBLE (Flyball, 9LD, EV 110.6 MPH) Mark Carreon scores
|
|
Batting: RHB Ray Ortega
|
0-0: Ball 1-0: Swinging Strike 1-1: Ground out 2-3 (Groundball, 15S, EV 76.9 MPH)
|
| Top of the 7th over - 1 run, 1 hit, 0 errors, 1 left on base; Huron 5 - Sioux Falls 10 |
| BOTTOM OF THE 7TH |
|
Sioux Falls Packers batting - Pitching for Huron Cubs : RHP Jose Lopez
|
|
Batting: LHB Randy Salava
|
0-0: Ball 1-0: Called Strike 1-1: Ball 2-1: Ball 3-1: Foul Ball, location: 2F 3-2: Base on Balls
|
|
Batting: RHB Danny Huffstickler
|
0-0: Ball 1-0: Called Strike 1-1: Fly out, F7 (Line Drive, 7, EV 108.8 MPH)
|
|
Pitching: RHP Rich Carlucci
|
|
|
Batting: LHB Michael Robbins
|
0-0: Ball 1-0: Called Strike 1-1: Called Strike 1-2: SINGLE (Line Drive, 8LS, EV 102.5 MPH) Randy Salava to second
|
|
Batting: RHB Javier Flores
|
0-0: Ball 1-0: Called Strike 1-1: Foul Ball, location: 2F 1-2: Fly out, F8 (Line Drive, 8RM, EV 111.3 MPH)
|
|
Batting: RHB Francisco Perez
|
0-0: Ball 1-0: Ball 2-0: Called Strike 2-1: Ball 3-1: Swinging Strike 3-2: Strikes out swinging
|
| Bottom of the 7th over - 0 runs, 1 hit, 0 errors, 2 left on base; Huron 5 - Sioux Falls 10 |
| TOP OF THE 8TH |
|
Huron Cubs batting - Pitching for Sioux Falls Packers : LHP Jose Perez
|
|
Batting: RHB Phillip Wilson
|
0-0: Called Strike 0-1: Foul Ball, location: 2F 0-2: Ball 1-2: Ball 2-2: Ground out 6-3 (Groundball, 6, EV 78.1 MPH)
|
|
Batting: SHB Keith Smith
|
0-0: Ball 1-0: Ball 2-0: Called Strike 2-1: Called Strike 2-2: DOUBLE (Groundball, 5L, EV 106.3 MPH)
|
|
Batting: LHB Gary Varsho
|
0-0: Ball 1-0: Foul Ball, location: 2F 1-1: Foul Ball, location: 2F 1-2: Fly out, F8 (Flyball, 8RXD, EV 110.0 MPH) Runner from 2nd tags up, SAFE at 3rd, no throw by CF
|
|
Batting: RHB Ivan Calderon
|
0-0: Swinging Strike 0-1: Ball 1-1: DOUBLE (Line Drive, 78D, EV 108.8 MPH) Keith Smith scores
|
|
Pitching: RHP John Harshbarger
|
|
|
Batting: RHB Mark Carreon
|
0-0: Ground out 3-1 (Groundball, 34, EV 83.8 MPH)
|
| Top of the 8th over - 1 run, 2 hits, 0 errors, 1 left on base; Huron 6 - Sioux Falls 10 |
| BOTTOM OF THE 8TH |
|
Sioux Falls Packers batting - Pitching for Huron Cubs : RHP Rich Carlucci
|
|
Batting: LHB Reggie West
|
0-0: Ball 1-0: Ball 2-0: Ball 3-0: Called Strike 3-1: Base on Balls
|
|
Batting: SHB Craig Smajstrla
|
0-0: Bunted foul 0-1: Bunted foul 0-2: Ball 1-2: Ball 2-2: Ball 3-2: Base on Balls Reggie West to second
|
|
Batting: RHB Gregory Norman
|
0-0: Ball 1-0: Fly out, F8 (Flyball, 8RD, EV 98.8 MPH) Runner from 2nd tags up, SAFE at 3rd with throw by CF
|
|
Batting: RHB Bill Lindsey
|
0-0: Ball 1-0: Ball Craig Smajstrla is caught stealing 2nd base 2-4 2-0: Called Strike 2-1: Fly out, F6 (Flyball, 56D, EV 82.5 MPH)
|
| Bottom of the 8th over - 0 runs, 0 hits, 0 errors, 1 left on base; Huron 6 - Sioux Falls 10 |
| TOP OF THE 9TH |
|
Huron Cubs batting - Pitching for Sioux Falls Packers : RHP John Harshbarger
|
|
Batting: RHB John Alvarez
|
0-0: Called Strike 0-1: Ball 1-1: Swinging Strike 1-2: Foul Ball, location: 2F 1-2: Fly out, F4 (Popup, 34S, EV 78.1 MPH)
|
|
Batting: RHB Greg Zunino
|
0-0: Called Strike 0-1: Ball 1-1: Foul Ball, location: 2F 1-2: Foul Ball, location: 2F 1-2: Foul Ball, location: 2F 1-2: Strikes out swinging
|
|
Batting: RHB Mike Stellern
|
0-0: Foul Ball, location: 2F 0-1: Ball 1-1: Ball 2-1: Foul Ball, location: 2F 2-2: Foul Ball, location: 2F 2-2: TRIPLE (Flyball, 89XD, EV 94.4 MPH)
|
|
Batting: RHB Ray Ortega
|
0-0: Called Strike 0-1: Ball 1-1: Foul Ball, location: 2F 1-2: Ball 2-2: Ball 3-2: Strikes out looking
|
| Top of the 9th over - 0 runs, 1 hit, 0 errors, 1 left on base; Huron 6 - Sioux Falls 10 |
|